PA
YELLOWKNIFE DRAGONBLOOD @ PHOENIX HOTSPUR U-21
08/16/2029
 
TOP OF THE 1ST
Yellowknife Dragonblood batting - Pitching for Phoenix Hotspur U-21 : LHP José Vélez
Pitching: LHP José Vélez
Batting: RHB Víctor Cuevas 0-0: Ball
1-0: Called Strike
1-1: Ball
2-1: Ground out 6-3 (Groundball, 6)
Batting: RHB Bill Boyd 0-0: Foul Ball, location: 2F
0-1: Foul Ball, location: 2F
0-2: Ball
1-2: Foul Ball, location: 2F
1-2: Strikes out looking
Batting: RHB Fernando González 0-0: Ball
1-0: Foul Ball, location: 2F
1-1: Ball
2-1: SINGLE (Groundball, 34D)
Batting: SHB Miklos Elias 0-0: Ball
1-0: Ball
2-0: Foul Ball, location: 2F
2-1: Ball
3-1: Ground out 6-3 (Groundball, 56)
Top of the 1st over - 0 runs, 1 hit, 0 errors, 1 left on base; Yellowknife 0 - Phoenix 0
BOTTOM OF THE 1ST
Phoenix Hotspur U-21 batting - Pitching for Yellowknife Dragonblood : RHP Eugenio Piñeiro
Pitching: RHP Eugenio Piñeiro
Batting: LHB Damian Alldred 0-0: Foul Ball, location: 2F
0-1: Swinging Strike
0-2: Ball
1-2: Strikes out swinging
Batting: LHB Mark Detamore 0-0: Hit by Pitch
Batting: LHB Jason DeGeorge 0-0: Called Strike
0-1: SINGLE (Line Drive, 56D)
Mark Detamore to second
Batting: LHB Tyler Kinjeketile 0-0: Ball
1-0: Called Strike
1-1: Fielders Choice at 2nd, 4-6 (Groundball, 4)
Mark Detamore to third
Batting: RHB Sinfronio Vitor 0-0: Foul Ball, location: 2F
0-1: Ball
1-1: Ground out 4-3 (Groundball, 4)
Bottom of the 1st over - 0 runs, 1 hit, 0 errors, 2 left on base; Yellowknife 0 - Phoenix 0
TOP OF THE 2ND
Yellowknife Dragonblood batting - Pitching for Phoenix Hotspur U-21 : LHP José Vélez
Batting: RHB Manny García 0-0: Called Strike
0-1: Foul Ball, location: 2F
0-2: Ball
1-2: SINGLE (Groundball, 56D)
Batting: RHB Rob Ingram 0-0: Ball
1-0: Foul Ball, location: 2F
1-1: Called Strike
1-2: Foul Ball, location: 2F
1-2: Strikes out swinging
Batting: RHB Riley Walker 0-0: Fly out, F4 (Popup, 3DF)
Batting: RHB Cristo Cuervo 0-0: Ball
Manny García is caught stealing 2nd base
Top of the 2nd over - 0 runs, 1 hit, 0 errors, 0 left on base; Yellowknife 0 - Phoenix 0
BOTTOM OF THE 2ND
Phoenix Hotspur U-21 batting - Pitching for Yellowknife Dragonblood : RHP Eugenio Piñeiro
Batting: RHB Jim Justice 0-0: Called Strike
0-1: Foul Ball, location: 2F
0-2: Ball
1-2: Ball
2-2: Strikes out swinging
Batting: RHB Bill Erickson 0-0: Ball
1-0: Called Strike
1-1: Swinging Strike
1-2: Ball
2-2: Strikes out swinging
Batting: RHB Braylen Sampson 0-0: Called Strike
0-1: Ball
1-1: Called Strike
1-2: Ball
2-2: Ground out 2-3 (Groundball, 2L)
Bottom of the 2nd over - 0 runs, 0 hits, 0 errors, 0 left on base; Yellowknife 0 - Phoenix 0
TOP OF THE 3RD
Yellowknife Dragonblood batting - Pitching for Phoenix Hotspur U-21 : LHP José Vélez
Batting: RHB Cristo Cuervo 0-0: Called Strike
0-1: Ball
1-1: Ball
2-1: Ground out 6-3 (Groundball, 6M)
Batting: RHB Mitsuhide Bando 0-0: Ball
1-0: Called Strike
1-1: Ball
2-1: Called Strike
2-2: Strikes out swinging
Batting: RHB Víctor Cuevas 0-0: Ball
1-0: Called Strike
1-1: Called Strike
1-2: SINGLE (Flyball, 9S)
Batting: RHB Bill Boyd 0-0: Called Strike
0-1: Foul Ball, location: 2F
0-2: Ball
Throwing error on steal attempt, E2
Víctor Cuevas to third
1-2: SINGLE (Groundball, 6M) (infield hit)
Víctor Cuevas scores
Batting: RHB Fernando González 0-0: Ball
1-0: Called Strike
Bill Boyd is caught stealing 2nd base
Top of the 3rd over - 1 run, 2 hits, 1 error, 0 left on base; Yellowknife 1 - Phoenix 0
BOTTOM OF THE 3RD
Phoenix Hotspur U-21 batting - Pitching for Yellowknife Dragonblood : RHP Eugenio Piñeiro
Batting: RHB José Souza 0-0: Called Strike
0-1: Ball
1-1: Swinging Strike
1-2: Ball
2-2: Foul Ball, location: 2F
2-2: Strikes out swinging
Batting: LHB Damian Alldred 0-0: SINGLE (Line Drive, 9S)
Batting: LHB Mark Detamore 0-0: Grounds into double play, 5-4-3 (Groundball, 56)
Bottom of the 3rd over - 0 runs, 1 hit, 0 errors, 0 left on base; Yellowknife 1 - Phoenix 0
TOP OF THE 4TH
Yellowknife Dragonblood batting - Pitching for Phoenix Hotspur U-21 : LHP José Vélez
Batting: RHB Fernando González 0-0: Ball
1-0: Swinging Strike
1-1: SINGLE (Line Drive, 89S)
Batting: SHB Miklos Elias 0-0: Fielders Choice at 2nd, 5-4 (Groundball, 56)
Batting: RHB Manny García 0-0: Called Strike
0-1: Ball
1-1: Foul Ball, location: 2F
1-2: Ball
2-2: SINGLE (Groundball, 5S) (infield hit)
Miklos Elias to second
Batting: RHB Rob Ingram 0-0: Foul Ball, location: 2F
0-1: Ball
1-1: Ball
2-1: Called Strike
2-2: Fly out, F8 (Flyball, 8LM)
Batting: RHB Riley Walker 0-0: Ball
1-0: Called Strike
1-1: Ball
2-1: Swinging Strike
2-2: Ball
Passed Ball!
Miklos Elias to third
Manny García to second
3-2: Ground out 5-3 (Groundball, 56)
Top of the 4th over - 0 runs, 2 hits, 0 errors, 2 left on base; Yellowknife 1 - Phoenix 0
BOTTOM OF THE 4TH
Phoenix Hotspur U-21 batting - Pitching for Yellowknife Dragonblood : RHP Eugenio Piñeiro
Batting: LHB Jason DeGeorge 0-0: Ball
1-0: Ball
2-0: Ball
3-0: Base on Balls
Batting: LHB Tyler Kinjeketile 0-0: Ball
1-0: Foul Ball, location: 2F
1-1: Ball
Jason DeGeorge steals 2nd base
2-1: Ground out 4-3 (Groundball, 4MS)
Jason DeGeorge to third
Batting: RHB Sinfronio Vitor 0-0: Ball
1-0: Called Strike
1-1: Ball
2-1: DOUBLE (Line Drive, 78D)
Jason DeGeorge scores
Batting: RHB Jim Justice 0-0: Ball
Sinfronio Vitor steals 3rd base
1-0: Called Strike
1-1: Foul Ball, location: 2F
1-2: DOUBLE (Line Drive, 78D)
Sinfronio Vitor scores
Batting: RHB Bill Erickson 0-0: Ball
1-0: SINGLE (Flyball, 89S)
Jim Justice to third
Batting: RHB Braylen Sampson 0-0: Ball
1-0: Fly out, F9 (Flyball, 9LSF)
Runner from 3rd tags up, SCORES, no throw
Batting: RHB José Souza 0-0: Ball
1-0: Called Strike
1-1: Ball
2-1: Foul Ball, location: 2F
2-2: Fly out, F8 (Flyball, 8LM)
Bottom of the 4th over - 3 runs, 3 hits, 0 errors, 1 left on base; Yellowknife 1 - Phoenix 3
TOP OF THE 5TH
Yellowknife Dragonblood batting - Pitching for Phoenix Hotspur U-21 : LHP José Vélez
Batting: RHB Cristo Cuervo 0-0: Ball
1-0: SINGLE (Line Drive, 8RS)
Batting: RHB Mitsuhide Bando 0-0: Ball
1-0: Fly out, F7 (Line Drive, 7)
Batting: RHB Víctor Cuevas 0-0: Called Strike
0-1: Ball
Cristo Cuervo steals 2nd base
1-1: Ball
2-1: Foul Ball, location: 2F
2-2: Foul Ball, location: 2F
2-2: Ball
3-2: Foul Ball, location: 2F
3-2: Base on Balls
Batting: RHB Bill Boyd 0-0: Ground out 5-3 (Groundball, 56S)
Cristo Cuervo to third
Víctor Cuevas to second
Batting: RHB Fernando González 0-0: SINGLE (Flyball, 9LM)
Cristo Cuervo scores
Víctor Cuevas to third
Runner from 3rd tries for Home, SAFE, no throw
Batting: SHB Miklos Elias 0-0: Ball
1-0: Called Strike
1-1: Ball
2-1: Swinging Strike
2-2: Foul Ball, location: 2F
2-2: SINGLE (Line Drive, 34D)
Fernando González to second
Batting: RHB Manny García 0-0: Ball
1-0: Called Strike
1-1: Called Strike
1-2: Ground out 1-3 (Groundball, 13)
Top of the 5th over - 2 runs, 3 hits, 0 errors, 2 left on base; Yellowknife 3 - Phoenix 3
BOTTOM OF THE 5TH
Phoenix Hotspur U-21 batting - Pitching for Yellowknife Dragonblood : RHP Eugenio Piñeiro
Batting: LHB Damian Alldred 0-0: Ball
1-0: Ground out 6-3 (Groundball, 6)
Batting: LHB Mark Detamore 0-0: Ground out U3 (Groundball, 3)
Batting: LHB Jason DeGeorge 0-0: Swinging Strike
0-1: Foul Ball, location: 2F
0-2: Ball
1-2: Foul Ball, location: 2F
1-2: Foul Ball, location: 2F
1-2: Fly out, F9 (Line Drive, 89S)
Bottom of the 5th over - 0 runs, 0 hits, 0 errors, 0 left on base; Yellowknife 3 - Phoenix 3
TOP OF THE 6TH
Yellowknife Dragonblood batting - Pitching for Phoenix Hotspur U-21 : LHP José Vélez
Batting: RHB Rob Ingram 0-0: Ball
1-0: Called Strike
1-1: Called Strike
1-2: Foul Ball, location: 2F
1-2: Ball
2-2: SINGLE (Groundball, 34S) (infield hit)
Batting: RHB Riley Walker 0-0: Bunted foul
0-1: Ball
1-1: Sac Bunt - play at first, batter OUT! 1-4
Rob Ingram to second
Batting: RHB Cristo Cuervo 0-0: Swinging Strike
0-1: Ball
1-1: Called Strike
1-2: Foul Ball, location: 2F
1-2: Foul Ball, location: 2F
1-2: Ball
2-2: Ball
3-2: Strikes out swinging
Batting: RHB Mitsuhide Bando 0-0: Foul Ball, location: 2F
0-1: Ball
1-1: Ground out 6-3 (Groundball, 6)
Top of the 6th over - 0 runs, 1 hit, 0 errors, 1 left on base; Yellowknife 3 - Phoenix 3
BOTTOM OF THE 6TH
Phoenix Hotspur U-21 batting - Pitching for Yellowknife Dragonblood : RHP Eugenio Piñeiro
Batting: LHB Tyler Kinjeketile 0-0: Ball
1-0: Ball
2-0: Ball
3-0: Called Strike
3-1: Base on Balls
Batting: RHB Sinfronio Vitor 0-0: Called Strike
0-1: Ground out 3-1 (Groundball, 34S)
Tyler Kinjeketile to second
Batting: RHB Jim Justice 0-0: Intentional Walk
Batting: RHB Bill Erickson 0-0: Fly out, F8 (Line Drive, 8LM)
Batting: RHB Braylen Sampson 0-0: Called Strike
0-1: Fly out, F9 (Flyball, 9LMF)
Bottom of the 6th over - 0 runs, 0 hits, 0 errors, 2 left on base; Yellowknife 3 - Phoenix 3
TOP OF THE 7TH
Yellowknife Dragonblood batting - Pitching for Phoenix Hotspur U-21 : LHP José Vélez
Batting: RHB Víctor Cuevas 0-0: Ball
1-0: Ball
2-0: Called Strike
2-1: Foul Ball, location: 2F
2-2: Ball
3-2: Strikes out looking
Batting: RHB Bill Boyd 0-0: Called Strike
0-1: Called Strike
0-2: Fly out, F9 (Flyball, 9LMF)
Batting: RHB Fernando González 0-0: Swinging Strike
0-1: Ball
1-1: Ball
2-1: Fly out, F3 (Popup, 3SF)
Top of the 7th over - 0 runs, 0 hits, 0 errors, 0 left on base; Yellowknife 3 - Phoenix 3
BOTTOM OF THE 7TH
Phoenix Hotspur U-21 batting - Pitching for Yellowknife Dragonblood : RHP Eugenio Piñeiro
Pinch Hitting: RHB Dale Everest 0-0: Ball
1-0: Foul Ball, location: 2F
1-1: Ball
2-1: Fly out, F8 (Flyball, 8RD)
Batting: LHB Damian Alldred 0-0: Called Strike
0-1: Called Strike
0-2: Foul Ball, location: 2F
0-2: Strikes out swinging
Batting: LHB Mark Detamore 0-0: Swinging Strike
0-1: Foul Ball, location: 2F
0-2: Strikes out swinging
Bottom of the 7th over - 0 runs, 0 hits, 0 errors, 0 left on base; Yellowknife 3 - Phoenix 3
TOP OF THE 8TH
Yellowknife Dragonblood batting - Pitching for Phoenix Hotspur U-21 : LHP José Vélez
Pitching: RHP Leon von Stroheim
Now at 2B: Dale Everest
Batting: SHB Miklos Elias 0-0: Called Strike
0-1: Fly out, F8 (Line Drive, 8LD)
Pinch Hitting: LHB Santiago Miranda 0-0: Foul Ball, location: 2F
0-1: Called Strike
0-2: Foul Ball, location: 2F
0-2: Ball
1-2: Ball
2-2: Fly out, F8 (Flyball, 8LM)
Batting: RHB Rob Ingram 0-0: Ball
1-0: Called Strike
1-1: Ground out 5-3 (Groundball, 56S)
Top of the 8th over - 0 runs, 0 hits, 0 errors, 0 left on base; Yellowknife 3 - Phoenix 3
BOTTOM OF THE 8TH
Phoenix Hotspur U-21 batting - Pitching for Yellowknife Dragonblood : RHP Eugenio Piñeiro
Now in RF: Santiago Miranda
Batting: LHB Jason DeGeorge 0-0: Called Strike
0-1: Ball
1-1: Called Strike
1-2: Foul Ball, location: 2F
1-2: Ball
2-2: Foul Ball, location: 2F
2-2: Foul Ball, location: 2F
2-2: Foul Ball, location: 2F
2-2: Foul Ball, location: 2F
2-2: Ground out U3 (Groundball, 3)
Batting: LHB Tyler Kinjeketile 0-0: Called Strike
0-1: Ball
1-1: Foul Ball, location: 2F
1-2: Ground out U3 (Groundball, 34)
Batting: RHB Sinfronio Vitor 0-0: Swinging Strike
0-1: Foul Ball, location: 2F
0-2: Strikes out looking
Bottom of the 8th over - 0 runs, 0 hits, 0 errors, 0 left on base; Yellowknife 3 - Phoenix 3
TOP OF THE 9TH
Yellowknife Dragonblood batting - Pitching for Phoenix Hotspur U-21 : RHP Leon von Stroheim
Pitching: RHP Jason MacDonald
Batting: RHB Riley Walker 0-0: Ball
1-0: Fly out, F8 (Flyball, 8LM)
Batting: RHB Cristo Cuervo 0-0: Called Strike
0-1: Called Strike
0-2: Ball
1-2: Ground out 6-3 (Groundball, 6M)
Pinch Hitting: LHB Jayden Laming 0-0: Ball
1-0: Ball
2-0: Ball
3-0: Called Strike
3-1: Ground out 5-3 (Groundball, 6S)
Top of the 9th over - 0 runs, 0 hits, 0 errors, 0 left on base; Yellowknife 3 - Phoenix 3
BOTTOM OF THE 9TH
Phoenix Hotspur U-21 batting - Pitching for Yellowknife Dragonblood : RHP Eugenio Piñeiro
Pitching: RHP Shang-de Fu
Now at 3B: Orlando Moruga
Batting: RHB Jim Justice 0-0: Ball
1-0: Called Strike
1-1: Ball
2-1: Foul Ball, location: 2F
2-2: Strikes out swinging
Pinch Hitting: RHB Juan Negrete 0-0: Ball
1-0: Ball
2-0: Called Strike
2-1: Called Strike
2-2: Fly out, F8 (Flyball, 8RM)
Batting: RHB Braylen Sampson 0-0: Ball
1-0: Called Strike
1-1: Ball
2-1: Swinging Strike
2-2: Strikes out swinging, 2-3 out at first.
Bottom of the 9th over - 0 runs, 0 hits, 0 errors, 0 left on base; Yellowknife 3 - Phoenix 3
TOP OF THE 10TH
Yellowknife Dragonblood batting - Pitching for Phoenix Hotspur U-21 : RHP Jason MacDonald
Now in RF: Juan Negrete
Batting: RHB Víctor Cuevas 0-0: Ball
1-0: Called Strike
1-1: Ball
2-1: Swinging Strike
2-2: Fly out, F7 (Line Drive, 7D)
Batting: RHB Bill Boyd 0-0: Ground out 4-3 (Groundball, 4)
Batting: RHB Fernando González 0-0: Ball
1-0: SOLO HOME RUN (Flyball, 7LD), Distance : 363 ft
Batting: SHB Miklos Elias 0-0: Ball
1-0: Foul Ball, location: 2F
1-1: Called Strike
1-2: Strikes out swinging
Top of the 10th over - 1 run, 1 hit, 0 errors, 0 left on base; Yellowknife 4 - Phoenix 3
BOTTOM OF THE 10TH
Phoenix Hotspur U-21 batting - Pitching for Yellowknife Dragonblood : RHP Shang-de Fu
Batting: RHB Dale Everest 0-0: Foul Ball, location: 2F
0-1: Ball
1-1: Foul Ball, location: 2F
1-2: Foul Ball, location: 2F
1-2: Ball
2-2: Ball
3-2: Foul Ball, location: 2F
3-2: SINGLE (Groundball, 6MD)
Batting: LHB Damian Alldred 0-0: Sac Bunt - play at first, batter OUT! 1-4
Dale Everest to second
Batting: LHB Mark Detamore 0-0: Called Strike
0-1: Called Strike
0-2: Ball
1-2: Strikes out swinging
Batting: LHB Jason DeGeorge 0-0: Called Strike
0-1: SINGLE (Groundball, 25) (infield hit)
Dale Everest to third
Batting: LHB Tyler Kinjeketile 0-0: Foul Ball, location: 2F
0-1: Fly out, F8 (Flyball, 8RM)
Bottom of the 10th over - 0 runs, 2 hits, 0 errors, 2 left on base; Yellowknife 4 - Phoenix 3
Tuesday, December 19th, 2017 - OOTP Baseball 18.8 Build 76